 Dungeon Crawl Stone Soup version 0.26-a0-712-ga5a9c9c (webtiles) character file.

Game seed: 9847313018132940752

91 TheGoonsmith the Magician (level 4, 0/30 HPs)
             Began as a Demonspawn Hedge Wizard on Oct 30, 2020.
             Engulfed by a cloud of flame (17 damage)
             ... on level 3 of the Dungeon.
             The game lasted 00:04:43 (3365 turns).

TheGoonsmith the Magician (Demonspawn Hedge Wizard) Turns: 3365, Time: 00:04:43

Health: 0/30       AC:  7    Str: 10    XL:     4   Next: 34%
Magic:  7/10       EV: 12    Int: 16    God:
Gold:   96         SH:  0    Dex: 13    Spells: 4/11 levels left

rFire    . . .     SeeInvis .   i - +1 dagger (drain)
rCold    . . .     Faith    .   (no shield)
rNeg     . . .     Spirit   .   b - +0 robe
rPois    .         Reflect  .   j - +0 helmet
rElec    .         Harm     .   (no cloak)
rCorr    .         Rampage  .   (no gloves)
MR       .....                  r - +2 pair of boots {run}
Stlth    ++........             (no amulet)
HPRegen  0.10/turn              (no ring)
MPRegen  0.12/turn              (no ring)

@: quick
A: rugged brown scales 1, demonic guardian 1
a: no special abilities


You were on level 3 of the Dungeon.
You visited 1 branch of the dungeon, and saw 3 of its levels.

You collected 96 gold pieces.

Inventory:

Hand Weapons
 a - a +0 dagger
 d - a +0 mace
 i - a +1 dagger of draining (weapon)
Missiles
 g - 14 poisoned darts (quivered)
 k - 7 atropa-tipped darts
Armour
 b - a +0 robe (worn)
 c - a +0 hat
 j - a +0 helmet (worn)
 r - a +2 pair of boots of running (worn)
Wands
 n - a wand of paralysis (7)
Scrolls
 e - 4 scrolls of identify {unknown}
 f - a scroll of noise {unknown}
Potions
 h - 2 potions of haste {unknown}
 l - a potion of invisibility {unknown}
 m - 2 potions of flight {unknown}
 o - 2 potions of brilliance {unknown}
 p - a potion of stabbing {unknown}
 q - a potion of cancellation {unknown}
 s - a potion of curing {unknown}
 t - a potion of berserk rage {unknown}
 u - a potion of heal wounds {unknown}


   Skills:
 - Level 2.0 Dodging
 - Level 1.7 Stealth
 - Level 4.0 Spellcasting
 + Level 3.0 Conjurations
   Level 1.0 Summonings
   Level 0.8 Translocations


You had 4 spell levels left.
You knew the following spells:

 Your Spells              Type           Power        Failure   Level
a - Magic Dart            Conj           ##..         4%          1
c - Conjure Flame         Conj/Fire      #.......     26%         3
x - Mephitic Cloud        Conj/Pois/Air  #.......     32%         3

Your spell library contained the following spells:

 Spells                   Type           Power        Failure   Level
 Call Imp                 Summ           #.......     17%         2
 Blink                    Tloc           N/A          19%         2
 Slow                     Hex            #.......     26%         2


Dungeon Overview and Level Annotations

Branches:
Dungeon (3/15)

Altars:
Vehumet

Annotations:
D:3 1 runed translucent door, Dega's ghost, amateur DsFi; Terence


Innate Abilities, Weirdness & Mutations

You are partially covered in rugged brown scales. (AC +1, +3% HP)
A weak demonic guardian rushes to your aid.


Message History

Terence shouts!
Your ufetubus closely misses Terence.
Your ufetubus hits Terence.
Your ufetubus completely misses Terence.
Your ufetubus hits Terence.
Your ufetubus closely misses Terence.
Your ufetubus hits Terence but does no damage. x2
Your ufetubus barely misses Terence.
You see here 2 stones.
Casting: Magic Dart (safe; 4% risk of failure)
Confirm with . or Enter, or press ? or * to list all spells.
The spell is quite dangerous to cast (26% risk of failure)!
Continue anyway?
The fire begins to smolder!
Your ufetubus hits Terence but does no damage. x2
Terence looks scornfully at you.
The fire ignites!
You see here 2 stones.
Really walk into that cloud of flame?
You are engulfed in blazing flames.
Ouch! That really hurt!
You die...

####.....#####..........+W≈≈≈(≈
###......@............)...#≈≈≈S≈≈
#...###.#...##...........########
..### ...##.......)).........#
### .<.###..(.........######
#..[#...###..........###
#...#.#.# #..[.........#
#.....).####...####....#
#...#.##5@(@(#.....†...# #. #.
#.#########........# . ...#
#)....##... ..#.### ##....# #.
..... #....# ##### #....# #....#


You could see Terence and a friendly ufetubus (summoned).

Vanquished Creatures
  2 adders
  A worm (D:2)
  A dart slug (D:3)
  A leopard gecko (D:3)
  2 orcs (D:3)
  3 giant cockroaches
  5 goblins
  3 hobgoblins (D:1)
  7 jackals
  2 ball pythons (D:1)
  6 bats
  2 frilled lizards
  4 kobolds (D:1)
  4 rats
43 creatures vanquished.

Vanquished Creatures (collateral kills)
  Ijyb (D:3)
  A jackal (D:3)
2 creatures vanquished.

Grand Total: 45 creatures vanquished

Notes
Turn   | Place    | Note
-------+----------+-------------------------------------------
     0 | D:1      | TheGoonsmith the Demonspawn Hedge Wizard began the quest
                  | for the Orb.
     0 | D:1      | Reached XP level 1. HP: 13/13 MP: 4/4
   654 | D:1      | Gained mutation: A weak demonic guardian rushes to your
                  | aid. [demonic ancestry]
   654 | D:1      | Reached XP level 2. HP: 19/19 MP: 1/6
  1838 | D:1      | Gained mutation: You are partially covered in rugged brown
                  | scales. (AC +1, +3% HP) [demonic ancestry]
  1838 | D:1      | Reached XP level 3. HP: 19/24 MP: 5/8
  1968 | D:2      | Learned a level 3 spell: Mephitic Cloud
  1972 | D:2      | Learned a level 3 spell: Conjure Flame
  2040 | D:2      | Found a faded altar of an unknown god.
  2752 | D:2      | Found a radiant altar of Vehumet.
  2934 | D:3      | Noticed Ijyb
  2940 | D:3      | Noticed Terence
  3110 | D:3      | Found a runed translucent door.
  3119 | D:3      | Identified a +2 pair of boots of running (You found it on
                  | level 3 of the Dungeon)
  3169 | D:3      | Noticed Dega's ghost (amateur DsFi)
  3187 | D:3      | Reached XP level 4. HP: 30/30 MP: 1/9
  3285 | D:3      | Noticed a bullfrog
  3323 | D:3      | Killed Ijyb
  3323 | D:3      | Reached skill level 4 in Spellcasting
  3365 | D:3      | Engulfed by a cloud of flame

Illustrated notes

Levels and vault maps discovered:
D:1:      minmay_arrival_four_circles, layout_basic
D:2:      layout_loops_ring, nicolae_overflow_hidden_temple,
          chequers_ecumenical_altar_twisty
D:3:      layout_rooms, ebering_ghost_sewer_f, uniq_ijyb, uniq_terence

Skill      XL: |  1  2  3  4 |
---------------+-------------+-----
Dodging        | 2 |  2.0
Conjurations   | 2 3 |  3.0
Spellcasting   | 4 |  4.0
Stealth        | |  1.7
Summonings     | |  1.0
Translocations | |  0.8

Action                   |  1- 3 |  4- 6 || total
-------------------------+-------+-------++-------
Melee: Mace              |     9 |       ||     9
       Dagger            |    42 |     9 ||    51
 Cast: Magic Dart        |    96 |     8 ||   104
       Conjure Flame     |       |     1 ||     1
 Stab: Sleeping          |     1 |       ||     1
Armor: Robe              |    25 |     1 ||    26
Dodge: Dodged            |    44 |     7 ||    51

Table legend: (Time is in decaauts)
 A = Elapsed time spent in this place.
 B = Non-inter-level travel time spent in this place.
 C = Inter-level travel time spent in this place.
 D = Time resting spent in this place.
 E = Time spent auto-exploring this place.
 F = Levels seen in this place.
 G = Mean time per level.
                   A        B        C        D        E       F      G
               +--------+--------+--------+--------+--------+-----+--------+
         Total |   3359 |   3114 |    245 |     81 |   2672 |   3 | 1119.7 |
       Dungeon |   3359 |   3114 |    245 |     81 |   2672 |   3 | 1119.7 |
               +--------+--------+--------+--------+--------+-----+--------+

Top non-repeatable levels by time:
     D:1: 1955 daAuts
     D:2: 1003 daAuts
     D:3: 401 daAuts
